Cogmind - Beta 16 @@@ ROGUE MODE // 2025.12.07 @ 04:07:47 Player: souux Result: Destroyed by D-53 Grenadier with Mini Grenade Launcher Performance ------------- Evolutions (0) 0 Regions Visited (2) 400 Robots Destroyed (23) 115 Value Destroyed (454) 454 Prototype IDs (0) 0 Alien Tech Used (0) 0 Bonus (0) 0 TOTAL SCORE: 969 Bonus ------- None Cogmind --------- Core Integrity 0/250 Matter 285/300 Energy 219/250 System Corruption 0% Temperature Cool (0) Movement Rolling (175) Ox5 Location -10/Mines Parts ------- > --- POWER (1) -------- Ion Engine > --- PROPULSION (2) --- Light Treads Compact Wheel > --- UTILITY (2) ------ Huge Storage Unit Seismic Detector > --- WEAPON (2) ------- EM Pulse Gun Rocket Launcher > --- INVENTORY (25) --- Ion Engine Light Treads Light Treads Scrap Suit Improved Heat Sink Medium Storage Unit High-capacity Matter Pod (200) Signal Interpreter Seismic Detector Medium Laser Particle Gun Heavy Hammer Peak State ------------ > --- POWER ------------ Ion Engine > --- PROPULSION ------- Wheel Compact Wheel > --- UTILITY ---------- Improved Heat Sink Huge Storage Unit > --- WEAPON ----------- EM Pulse Gun Medium Laser > --- INVENTORY -------- Ion Engine Ion Engine Light Treads Light Treads Light Treads Medium Storage Unit High-capacity Matter Pod Signal Interpreter Seismic Detector Seismic Detector Rocket Launcher [Rating: 10] Favorites ----------- Power Ion Engine Engine Ion Engine Propulsion Wheel Treads Light Treads Wheel Wheel Utility Seismic Detector Device Seismic Detector Storage Huge Storage Unit Protection Light Armor Plating Weapon Medium Laser Energy Gun Medium Laser Launcher Rocket Launcher Build | -11 -10 -10 ------- Run | Yrd Mat Min Slots Evolved . | . . . Power . | . . . Propulsion . | . . . Utility . | . . . Weapon . | . . . Parts Attached 21 | 7 13 1 Power 3 | 1 2 . Engine 3 | 1 2 . Core . | . . . Reactor . | . . . Propulsion 7 | 2 4 1 Treads 4 | . 3 1 Leg . | . . . Wheel 3 | 2 1 . Hover . | . . . Flight . | . . . Utility 6 | 2 4 . Device 2 | 1 1 . Storage 3 | 1 2 . Processor . | . . . Hackware . | . . . Protection 1 | . 1 . Artifact . | . . . Weapon 5 | 2 3 . Energy Gun 3 | 2 1 . Energy Cannon . | . . . Ballistic Gun . | . . . Ballistic Cannon . | . . . Launcher 2 | . 2 . Special Weapon . | . . . Impact Weapon . | . . . Slashing Weapon . | . . . Piercing Weapon . | . . . Special Melee Weapon . | . . . Unidentified Prototypes . | . . . Parts Lost 4 | . 2 2 Power . | . . . Propulsion 2 | . . 2 Utility 1 | . 1 . Weapon 1 | . 1 . Highest Loss Streak 2 | . 2 2 To Critical Strikes . | . . . Average Backups 9 | 4 8 12 Power 1 | . 1 1 Propulsion 3 | 3 2 3 Utility 3 | . 3 5 Weapon 1 | . . 2 Tool/Special . | . . . Unused Backups 9 | . 3 6 Power 1 | . . 1 Propulsion 2 | . 2 . Utility 4 | . . 4 Weapon 2 | . 1 1 Tool/Special . | . . . Average Slot Usage (%) 98 | . 98 100 Engine 13 | . 13 14 Treads 1 | . 2 . Wheel 26 | . 25 27 Device 13 | . 13 14 Storage 14 | . 14 14 Energy Gun 19 | . 21 15 Launcher 7 | . 5 12 Peak Build Rating 10 | 7 10 10 Average Rating 8 | 5 8 9 On Entrance 5 | . 7 8 Avg Prop Armor Cover (%) 13 | . 13 . Naked Turns . | . . . Heaviest Build 92 | 15 92 92 Greatest Support 26 | 26 26 26 Greatest Overweight (x) 3 | . 3 3 Average Overweight (x) 2 | . 1 3 Largest Inventory Capacity 25 | 8 25 25 Average Capacity 19 | 7 19 25 Most Carried 15 | 8 11 15 Average Carried 9 | 5 8 13 Final Capacity 25 | 8 25 25 Final Carried 13 | 8 11 13 Class Distribution -------------------- 100% | Mutant Dominant Class ---------------- Mutant | -10/Materials Mutant | -10/Mines Resources | -11 -10 -10 ----------- Run | Yrd Mat Min Matter Collected 933 | 270 554 109 Remotely . | . . . Salvage Created 653 | 112 450 91 Parts 37 | 7 22 8 Haulers Intercepted 2 | . 2 . Recyclers Shooed . | . . . Parts Field Recycled . | . . . Retrieved Matter . | . . . Parts Self-Destructed . | . . . Prevented . | . . . Parts Restored . | . . . Kills | -11 -10 -10 ------- Run | Yrd Mat Min Combat Hostiles Destroyed 13 | . 9 4 Guns 4 | . 4 . AOE 8 | . 4 4 Classes Destroyed 7 | 2 4 1 Builder 1 | . . 1 Tunneler 3 | 2 1 . Hauler 2 | . 2 . Recycler 1 | 1 . . Watcher 3 | . 3 . Swarmer 6 | . 3 3 Grunt 7 | . 6 1 Best Kill Streak 4 | 3 4 4 Combat Bots Only 3 | . 3 3 Max Kills in Single Turn 3 | 1 2 3 Gunslinging . | . . . Exploded 3 | . 1 3 Melee . | . . . Uniques/NPCs Destroyed . | . . . Combat | -11 -10 -10 -------- Run | Yrd Mat Min Hostile Shots Fired 69 | . 52 17 Missed 8 | . 6 2 Hits 61 | . 46 15 Projectile 61 | . 46 15 AOE 4 | . . 4 Critical Strikes 1 | . 1 . Damage Taken 984 | . 708 276 Core 267 | . 205 62 Absorbed by Shields . | . . . Regen/Repaired (Parts) 257 | . 257 . Core Remaining (%) 100 | 100 . . Volleys Fired 71 | 12 52 7 Largest 2 | 2 2 2 Hottest 100 | 100 100 90 Shots Fired 116 | 24 80 12 Gun 111 | 24 77 10 Cannon . | . . . Launcher 5 | . 3 2 Special . | . . . Kinetic . | . . . Thermal 98 | 24 69 5 Explosive 5 | . 3 2 Electromagnetic 13 | . 8 5 Robot Hit Streak 13 | 4 13 6 Robot Miss Streak 4 | 2 4 2 Penetration Max . | . . . Secondary Targets 1 | . 1 . Max Gunslinging Chain 1 | . 1 . Shots Hit Robots 76 | 14 54 8 Core Hits 39 | 4 26 9 Critical Kills . | . . . Critical Parts Destroyed . | . . . Critical Strikes 8 | 1 6 1 Burn 7 | 1 5 1 Corrupt 1 | . 1 . Melee Attacks . | . . . Impact . | . . . Slashing . | . . . Piercing . | . . . Sneak Attacks . | . . . Combat Hostiles . | . . . Follow-up Attacks . | . . . Damage Inflicted 1433 | 189 883 361 Guns 953 | 189 660 104 Cannons . | . . . Explosions 480 | . 223 257 Melee . | . . . Ramming . | . . . Kinetic . | . . . Thermal 946 | 189 672 85 Explosive 351 | . 139 212 Electromagnetic 136 | . 72 64 Impact . | . . . Slashing . | . . . Piercing . | . . . Highest Corruption . | . . . Average Corruption . | . . . Corruption Purged . | . . . Corruption Blocked . | . . . Overload Shots . | . . . Overflow Damage 17 | . . 17 Projectiles . | . . . Explosions 17 | . . 17 Melee . | . . . Knockbacks . | . . . Impact . | . . . Kinetic . | . . . Secondary . | . . . Self-Inflicted Damage 144 | . 144 . Shots 2 | . 2 . Rammed . | . . . Targets Rammed . | . . . Kicked . | . . . Crushed . | . . . Highest Temperature 283 | 195 283 54 Average Temperature 92 | 99 96 18 Received Heat Transfer 381 | . 303 78 Siege Activations . | . . . Martial Activations . | . . . Shielding Activations . | . . . Robots Disrupted . | . . . Combat Hostiles . | . . . Robots Corrupted . | . . . Combat Hostiles . | . . . Parts Fried 1 | . 1 . Impact Corruptions . | . . . Robots Melted 1 | . 1 . Combat Hostiles 1 | . 1 . Parts Melted 7 | 2 3 2 Heat Transferred 2973 | 629 2109 235 Parts Sabotaged . | . . . Parts Stolen . | . . . Parts Stripped . | . . . Power Chain Reactions 3 | . 2 1 Alert | -11 -10 -10 ------- Run | Yrd Mat Min Maximum Alert Level . | . . . Low Security (%) 100 | 100 100 100 Level 1 . | . . . Level 2 . | . . . Level 3 . | . . . Level 4 . | . . . Level 5 . | . . . High Security . | . . . Max Security . | . . . Peak Influence 105 | 10 105 84 Initial . | . . . Average 18 | 1 20 13 Influence Increases 513 | 15 380 118 Destroy 0b10 Robot/C 260 | . 180 80 Destroy 0b10 Robot/NC 50 | 15 30 5 Destroy Leader 70 | . 50 20 Successful Hack 41 | . 41 . Disable Machine 30 | . 30 . Destroy Structure 62 | . 49 13 Influence Decreases 489 | 15 380 94 Time Decay 344 | 15 255 74 Lost Part 40 | . 20 20 Purge Threat 105 | . 105 . Squads Dispatched . | . . . Investigation . | . . . Extermination . | . . . Reinforcement . | . . . Assault . | . . . Garrison . | . . . Intercept . | . . . Searches Triggered . | . . . Construction Impeded . | . . . Haulers Reinforced . | . . . Active Scanning Responses . | . . . Cargo Convoy Interrupts . | . . . Stealth | -11 -10 -10 --------- Run | Yrd Mat Min Distress Signals 2 | . 2 . Communications Jammed . | . . . Distress Signals . | . . . Times Spotted 22 | . 14 8 Peak Tracking Total 4 | . 4 3 Tactical Retreats . | . . . Traps | -11 -10 -10 ------- Run | Yrd Mat Min Traps Triggered 1 | . 1 . Indirectly . | . . . Trap Hack Attempts . | . . . Triggered . | . . . Disarmed . | . . . Reprogrammed . | . . . Reused . | . . . Traps Extracted . | . . . Installed . | . . . Triggered . | . . . Machines | -11 -10 -10 ---------- Run | Yrd Mat Min Machines Disabled 2 | . 2 . Max in Single Turn 2 | . 2 . Machines Repaired . | . . . Machines Dismantled . | . . . Machines Sabotaged . | . . . Overloaded Fab Kills . | . . . Hacking | -11 -10 -10 --------- Run | Yrd Mat Min Machines Accessed 9 | . 9 . Terminals 6 | . 6 . Fabricators . | . . . Repair Stations 1 | . 1 . Recycling Units 2 | . 2 . Scanalyzers . | . . . Garrison Access . | . . . Total Hacks 29 | . 29 . Successful 23 | . 23 . Failed 5 | . 5 . Catastrophic . | . . . Database Lockouts 1 | . 1 . Manual 21 | . 21 . Terminals 21 | . 21 . Fabricators . | . . . Repair Stations 6 | . 6 . Recycling Units 2 | . 2 . Scanalyzers . | . . . Garrison Access . | . . . Terminal Hacks 4 | . 4 . Robot Analysis 1 | . 1 . Unreport Threat 2 | . 2 . Hauler Manifests 1 | . 1 . Fabricator Hacks . | . . . Repair Station Hacks 6 | . 6 . Scan Component 3 | . 3 . Repair 3 | . 3 . Recycling Unit Hacks 2 | . 2 . Retrieve Components 2 | . 2 . Scanalyzer . | . . . Garrison Access Hacks . | . . . Unauthorized Hacks 11 | . 11 . Terminals 11 | . 11 . Botnet 6 | . 6 . Skim 5 | . 5 . Fabricators . | . . . Repair Stations . | . . . Recycling Units . | . . . Scanalyzers . | . . . Garrison Access . | . . . Data Cores Recovered . | . . . Used . | . . . Hacking Detections 4 | . 4 . Full Trace Events . | . . . Feedback Events . | . . . Feedback Blocked . | . . . Robot Schematics Acquired . | . . . Robots Built . | . . . Authchips . | . . . Time . | . . . Total Robot Build Rating . | . . . Part Schematics Acquired . | . . . Parts Built . | . . . Authchips . | . . . Time . | . . . Total Part Build Rating . | . . . Part Studies Acquired . | . . . Parts Repaired 3 | . 3 . Time 78 | . 78 . Parts Recycled . | . . . Recycled Matter . | . . . Retrieved Matter . | . . . Retrieved Components 13 | . 13 . Parts Scanalyzed . | . . . Part Schematics Acquired . | . . . Parts Damaged . | . . . Bothacking | -11 -10 -10 ------------ Run | Yrd Mat Min Used RIF Installer . | . . . Robots Hacked . | . . . Non-combat . | . . . Combat . | . . . Robot Hacks Applied . | . . . Relay Couplers Released . | . . . Fabnet Peak Effective % . | . . . Robots Rewired . | . . . Allies Hacked . | . . . Hacks Repelled . | . . . Allies | -11 -10 -10 -------- Run | Yrd Mat Min Total Allies . | . . . Largest Group . | . . . Highest-Rated Group . | . . . Highest-Rated Ally . | . . . Total Orders . | . . . Ally Attacks . | . . . Total Damage . | . . . Kills . | . . . Allies Corrupted . | . . . Allies Melted . | . . . Intel | -11 -10 -10 ------- Run | Yrd Mat Min Active Infowar (turns) 1364 | 27 962 375 Seismic 1364 | 27 962 375 Robot Analysis Total 1 | . 1 . Derelict Logs Recovered 1 | . . 1 Drone Launches . | . . . Drone Recoveries . | . . . Exploration | -11 -10 -10 ------------- Run | Yrd Mat Min Turns Passed 1855 | 113 1353 389 Spaces Moved 1180 | 57 872 251 Core 1 | 1 . . Treads 7 | . 7 . Legs . | . . . Wheels 1172 | 56 865 251 Hover . | . . . Flight . | . . . Fastest Speed 50 | 50 80 135 Average Speed 120 | 88 118 135 Slowest Speed 160 | 90 160 135 Overloaded Moves . | . . . Propulsion Burnouts . | . . . Robots Hopped . | . . . Potential Cave-ins . | . . . Cave-ins Triggered . | . . . Exploration Rate (%) 52 | 4 99 53 Regions Visited 2 Branch Regions 1 Pre-discovered Areas 1 | . . 1 Known Exits Taken 1 | . 1 . Unknown Exits Taken 1 | 1 . . Scrap Searched . | . . . Spaces Dug 14 | . 3 11 Terrain Destroyed 71 | . 55 16 Melee . | . . . Projectile . | . . . AOE 71 | . 55 16 Terrain Rammed . | . . . Walls Destroyed . | . . . Machines Disabled . | . . . Actions | -11 -10 -10 --------- Run | Yrd Mat Min Total 1480 | 91 1103 286 Wait 149 | 8 125 16 Move 1178 | 56 871 251 Hop . | . . . Pick Up 22 | 8 11 3 Fast Attach 10 | 7 3 . Attach 3 | . 1 2 Detach . | . . . Swap 38 | . 31 7 Drop 9 | . 9 . Fire 71 | 12 52 7 Melee . | . . . Ram . | . . . Kick . | . . . Crush . | . . . Escape Stasis . | . . . Rewire . | . . . Trap . | . . . Miscellaneous . | . . . Route ------- -11/Scrapyard -10/Materials (discovered 6 exits: *Mat x3 / *Min x2 / *Sub) -10/Mines (discovered 1 exit: *Mat) History --------- Turn | Location | Event 22 | -11/Scrapyard | Discovered new exit (range 16) 114 | -11/Scrapyard | Entered Materials 284 | -10/Materials | Discovered new exit (range 7) 336 | -10/Materials | Build established: Mutant 404 | -10/Materials | Core integrity fell below 50% 462 | -10/Materials | Discovered new exit (range 15) 618 | -10/Materials | Repaired Lgt. Treads 636 | -10/Materials | Central database locked down 877 | -10/Materials | Discovered new exit (range 11) 898 | -10/Materials | Discovered new exit (range 15) 916 | -10/Materials | Learned 4 Recycling zone layouts 947 | -10/Materials | Discovered new exit (range 8) 1020 | -10/Materials | Learned location of 2 exits from Subcaves 1035 | -10/Materials | Identified exit to Materials 1035 | -10/Materials | Learned location of 2 exits from Materials 1061 | -10/Materials | Identified exit to Mines 1061 | -10/Materials | Identified exit to Subcaves 1192 | -10/Materials | Core integrity fell below 20% 1352 | -10/Materials | Repaired Lgt. Treads 1379 | -10/Materials | Repaired Ion Engine 1467 | -10/Materials | Entered Mines 1544 | -10/Mines | Received a Rocket Launcher from a helpful Derelict 1657 | -10/Mines | Found a Scrap Suit stashed away for nefarious purposes 1660 | -10/Mines | Found Scrap Suit 1770 | -10/Mines | Discovered exit to Materials (range 5) 1805 | -10/Mines | Learned location of Storage (-7) 1848 | -10/Mines | Assembled infested the area 1856 | -10/Mines | Destroyed by D-53 Grenadier with Mini Grenade Launcher Last Messages --------------- 01821_ U-05 Engineer builds a Wall. 01826_ K-01 Serf collects debris. 01828_ U-05 Engineer lays Concrete. 01829_ K-01 Serf collects debris. 01829_ U-05 Engineer lays Concrete. 01833_ K-01 Serf collects debris. 01834_ U-05 Engineer lays Concrete. 01836_ K-01 Serf collects debris. 01837_ U-05 Engineer lays Concrete. 01846_ K-01 Serf collects debris. 01848_ ALERT: Infestation in the mines, dispatching Demolisher response squad. 01851_ K-01 Serf collects debris. 01854_ C-45 Heavy ARC bursts open, deploying its payload. 01854_ D-53 Grenadier unfolds itself. 01854_ R-06 Scavenger destroyed. 01854_ K-01 Serf collects debris. 01854_ Wheel destroyed. 01855_ Lgt. Treads destroyed. Map ----- +----------------------------------------------------+ | ?????????????????????## ### #??????# #?????? | | ???????????????? # ! ##?????# #?????? | | ??????????????? %####### #?????? | | ???????????????# ### #?????? | | ????????????????# ????# | #########?????? | | ????????????????#### ??????#= =#?????????????? | | ??????????????????????????## #?????????????? | | ???????????????????????????## #?????????????? | | ?????????????????????????????# #?????????????? | | ?????????????????????????????# #?????????????? | | ??????????????????????? ????# #####?????????? | | ??????????????????????# ????# #?????????? | | ?????????????????? #?# ##??###### #?????????? | | ???????????????? ## #??????# #####?????? | | ???????????????? ??????# #?????? | | ????????????????? k ??????#### #?????? | | ?????????????????# ?????????# #?????? | | ?????????????????# #?????????# #?????? | | ??????????????????# ##????????# #?????? | | ???????????????????# ##???????# #?????? | | ????????????????????# #???????# #?????? | | ????????????????????# #???????# ##????? | | ????????????????????## #???????# ###??? | | ????????????????????# ####???## ##?? | | ????????????????????# % ##### < #?? | | ????????????????????# @ d% t #?? | | ?????????????????# d ##?? | | ?????????????????# ## k ###??? | | ????????????????????## # ! * ##????? | | ?????????????????????##########u ###?????? | | ?????????????????????????????### ##???????? | | ????????????????????????####?# ## ##???????? | | ???????????????????????## ## # #????????? | | ??????????????????????## ## [ #????????? | | ??????????????????????# =%% #????????? | | ??????????????????????# * #????????? | | ??????????????????????# #######??? | | ??????????????????????## #??? | | ???????????????????????## #??? | | ????????????????????????## #### #### ##?? | | ?????????????????????????####???## ##??# ##? | | ?????????????????????????????????# ##??# #? | | ?????????????????????????????????# #?## #? | | ?????????????????????????????????# ### #? | | ?????????????????????????????????# #?? | | ?????????????????????????????????# #??? | | ?????????????????????????????????####### ##??? | | ????????????????????????????????????????###???? | | ??????????????????????????????????????????????? | | ??????????????????????????????????????????????? | +----------------------------------------------------+ Best States ------------- Heat Dissipation 39 Energy Generation 10 Energy Capacity 250 Matter Stores 300 Matter Capacity 300 Sight Range 16 Terrain Scan Density 10 Armor Coverage 150 Evasion (%) 44 Recoil Reduction 2 Item Schematics ----------------- None Robot Schematics ------------------ None Fabricated ------------ Nothing Repaired ---------- Lgt. Treads | 15% | -10/Materials Lgt. Treads | 27% | -10/Materials Ion Engine | 38% | -10/Materials Studied --------- None Alien Tech Used ----------------- None Achievements -------------- None Challenges ------------ None Game ------ Seed MachineGlidesysPlatform Manual? 0 Play Time 00:20:24 Cumulative 107.5 hours Start 2025.12.07 @ 03:25:08 End 2025.12.07 @ 04:07:47 Sessions 2 Manual Loads 0 Difficulty Rogue Special Mode None Game No. 92 Rogue 92 Adventurer 0 Explorer 0 Win Type - Total 1 Types 1/0/0/0/0/0/0/0/0/0 Lore% 40 Gallery% 43 Achievement% 36 Wizard Run 0 Options --------- Layout 2 ASCII 0 Keyboard 0 Movement Mouse Keybinds 0 Fullscreen 2 Font 24/Terminus Map View 50x44 Zoom Use 0% Tactical HUD 1 Map Filters NONE Filters NONE Steam 1 RUN: af1b3d91-61c0-42ff-9912-a83cf92338e6